AoeStats
← borsuk.borowka

MegaRandom

504798923Analyzed
1v1 RM · 24d ago on Sep 6, 2026· 40m 51s· 2 players
Game mode
Random Map
Map size
Tiny (2 player)
Population
200
Speed
Normal
Resources
Standard
Victory
Conquest
Starting age
Dark Age
Ending age
Imperial Age
RankedLock teamsTeams togetherTeam positionsShared explorationLock speedFull tech treeHidden civsTurbo modeCheats
Victory
Defeat
🇪🇸 Goths · Spain
648
+15
🇵🇱 Magyars · Poland
631
-32
borsuk.borowka
16:08 Feudal Age
16:50 Double-Bit Axe
16:48 Horse Collar
17:07 Stone Mining
17:11 Gold Mining
32:32 Castle Age
36:41 Heavy Plow
37:41 Bow Saw
38:11 Gold Shaft Mining
Mr Ratinton
2:37 Loom
12:01 Feudal Age
12:37 Town Watch
16:35 Double-Bit Axe
22:54 Castle Age
22:28 Wheelbarrow
22:03 Scale Mail Armor
22:42 Horse Collar
23:20 Gold Mining
24:10 Stone Mining
29:11 Town Patrol
29:20 Heavy Plow
29:53 Chain Mail Armor
30:26 Anarchy
32:20 Stone Shaft Mining
32:09 Forging
33:36 Squires
34:51 Iron Casting
40:47 Imperial Age
38:59 Hand Cart
40:58 Ballistics
40:49 Masonry
40:35 Murder Holes
Connection lost

Rejoining the realm…

Still unreachable

The connection could not be restored.

Session expired

The server has moved on; the page needs a fresh start.